 Dungeon Crawl Stone Soup version 0.30-a0-149-g7f746667c4 (webtiles) character file.

Game seed: 5333365109055618809

712755 blackman the Ruinous (level 27, -2/228 HPs)
             Began as a Human Monk on Sept 26, 2022.
             Was a High Priest of Ashenzari.
             Killed from afar by a salamander tyrant (15 damage)
             ... on level 18 of a ziggurat on Sept 27, 2022.
             The game lasted 05:22:20 (118112 turns).

blackman the Ruinous (Human Monk)                 Turns: 118112, Time: 05:22:20

Health: -2/228     AC: 21    Str: 11    XL:     27
Magic:  0/62       EV: 40    Int: 21    God:    Ashenzari [*****.]
Gold:   8081       SH: 11    Dex: 35    Spells: 34/69 levels left

rFire   + . .      SeeInvis +    j - +9 demon blade "Lashed Chagrin" {drain, rPois, Alch, Elem} (curse)
rCold   . . .      Faith    .    S - +3 warlock's mirror {reflect, Self, Melee} (curse)
rNeg    + + +      Spirit   +    k - +4 moon troll leather armour {Spirit, Regen++ MP+5}
rPois   +          Reflect  +    M - +2 helmet of the Gnostic Omission {Bglg, Self} (curse)
rElec   +          Harm     .    b - +1 cloak of Starlight {*Dazzle EV+4 Stlth--}
rCorr   .          Rampage  .    s - +0 pair of gloves of Ashenzari's Levity {Alch, Elem} (curse)
Will    +++..      Clarity  +    q - +1 pair of boots "Doubts of Ashenzari" {rN+ Dex+4, Elem, Comp} (curse)
Stlth   ++........               C - macabre finger necklace {rN+, Melee, Elem} (curse)
HPRegen 2.08/turn                I - ring of the Fated Vision {Contam rF+ Int+3 Dex+6, Self, Bglg} (curse)
MPRegen 0.38/turn                w - ring of Ashenzari's Apathy {Fly rElec rN+ Will+ MP+9, Elem, Fort} (curse)
                                 v - ring "All-seeing Restlessness" {Wiz, Self, Range} (curse)

@: weakened, flying, studying 2 skills
A: thin skeletal structure 1, deterioration 1
}: 5/15 runes: barnacled, slimy, silver, abyssal, gossamer
a: Renounce Religion, Shatter the Chains


You were on level 18 of a ziggurat.
You worshipped Ashenzari.
Ashenzari was extremely pleased with you.
You visited 11 branches of the dungeon, and saw 52 of its levels.
You visited the Abyss 2 times.
You visited 1 ziggurat, and saw 18 of its levels.
You also visited: Ossuary, Bailey, Ice Cave, Wizlab and Desolation.

You collected 9106 gold pieces.
You spent 1025 gold pieces at shops.

Inventory:

Hand Weapons
 j - the cursed +9 demon blade "Lashed Chagrin" (weapon) {drain, rPois, Alch, Elem}
   (You acquired it on level 6 of the Dungeon)

   A truly terrible weapon, it drains the life of any living foe it strikes.
   rPois:     It protects you from poison.
   It has a curse which improves the following skills: Alchemy: Poison Magic and
   Transmutations.
   Elements:  Fire Magic, Ice Magic, Air Magic and Earth Magic.
 z - the +10 zealot's sword {holy, *Rage rN+ EV+3}
   (You acquired it on level 4 of the Dungeon)

   It has been blessed by the Shining One to cause great damage to the undead
   and demons.
   Whenever the wielder enters a berserk rage, their allies are berserked
   alongside them.
   EV:        It affects your evasion (+3).
   rN:        It protects you from negative energy.
   *Rage:     It berserks you when you make melee attacks (+20% chance).
Missiles
 m - 3 throwing nets (quivered)
Armour
 b - the +1 cloak of Starlight (worn) {*Dazzle EV+4 Stlth--}
   (You acquired it on level 10 of a ziggurat)

   It may blind those who miss an attack against the wearer in melee combat.
   EV:        It affects your evasion (+4).
   Stlth:     It makes you much less stealthy.
 k - the +4 moon troll leather armour (worn) {Spirit, Regen++ MP+5}
   (You found it on level 17 of a ziggurat)

   MP:        It affects your magic capacity (+5).
   Regen:     It increases your rate of health regeneration.
 q - the cursed +1 pair of boots "Doubts of Ashenzari" (worn) {rN+ Dex+4, Elem, Comp}
   (You acquired it on level 7 of a ziggurat)

   Dex:       It affects your dexterity (+4).
   rN:        It protects you from negative energy.
   It has a curse which improves the following skills: Elements: Fire Magic, Ice
   Magic, Air Magic and Earth Magic.
   Companions: Summonings and Necromancy.
 s - the cursed +0 pair of gloves of Ashenzari's Levity (worn) {Alch, Elem}
   (You found it on level 10 of the Dungeon)

   It has a curse which improves the following skills: Alchemy: Poison Magic and
   Transmutations.
   Elements:  Fire Magic, Ice Magic, Air Magic and Earth Magic.
 M - the cursed +2 helmet of the Gnostic Omission (worn) {Bglg, Self}
   (You found it on level 8 of the Dungeon)

   It has a curse which improves the following skills: Beguiling: Conjurations,
   Hexes and Translocations.
   Introspection: Fighting and Spellcasting.
 S - the cursed +3 warlock's mirror (worn) {reflect, Self, Melee}
   (You took it off a servant of whispers in the Desolation of Salt)

   It can block and reflect piercing ranged attacks and magical attacks against
   the wielder's willpower.
   It has a curse which improves the following skills: Introspection: Fighting
   and Spellcasting.
   Melee Combat: Short Blades, Long Blades, Axes, Maces & Flails, Polearms,
   Staves and Unarmed Combat.
Jewellery
 e - the ring "Kiocoyt" {rPois rC+ Int+3}
   (You found it on level 16 of a ziggurat)

   [ring of protection from cold]

   Int:       It affects your intelligence (+3).
   rC:        It protects you from cold.
   rPois:     It protects you from poison.
 f - the ring "Othi" {rC- AC+4 Str+4 Stlth+}
   (You found it on level 3 of the Depths)

   [ring of protection]

   AC:        It affects your AC (+4).
   Str:       It affects your strength (+4).
   rC:        It makes you vulnerable to cold.
   Stlth:     It makes you more stealthy.
 h - the ring "Reoluila" {rC+ rCorr Dex+4}
   (You found it in the Desolation of Salt)

   [ring of resist corrosion]

   Dex:       It affects your dexterity (+4).
   rC:        It protects you from cold.
   rCorr:     It protects you from acid and corrosion.
 v - the cursed ring "All-seeing Restlessness" (on amulet) {Wiz, Self, Range}
   (You found it in an ice cave)

   [ring of wizardry]

   It improves your spell success rate.
   It has a curse which improves the following skills: Introspection: Fighting
   and Spellcasting.
   Ranged Combat: Ranged Weapons and Throwing.
 w - the cursed ring of Ashenzari's Apathy (right hand) {Fly rElec rN+ Will+ MP+9, Elem, Fort}
   (You took it off a deep elf pyromancer on level 3 of the Elven Halls)

   [ring of magical power]

   rElec:     It insulates you from electricity.
   rN:        It protects you from negative energy.
   MP:        It affects your magic capacity (+9).
   Fly:       It grants you flight.
   Will:      It increases your willpower.
   It has a curse which improves the following skills: Elements: Fire Magic, Ice
   Magic, Air Magic and Earth Magic.
   Fortitude: Armour and Shields.
 B - the ring of Fizinoil {MP+9 AC+4 Str+3 Int-4 Dex+3}
   (You found it on level 12 of a ziggurat)

   [ring of protection]

   AC:        It affects your AC (+4).
   Str:       It affects your strength (+3).
   Int:       It affects your intelligence (-4).
   Dex:       It affects your dexterity (+3).
   MP:        It affects your magic capacity (+9).
 C - the cursed macabre finger necklace (around neck) {rN+, Melee, Elem}
   (You took it off a merfolk aquamancer on level 2 of the Shoals)

   [amulet of nothing]

   It enables you to equip an extra ring.
   rN:        It protects you from negative energy.
   It has a curse which improves the following skills: Melee Combat: Short
   Blades, Long Blades, Axes, Maces & Flails, Polearms, Staves and Unarmed
   Combat.
   Elements:  Fire Magic, Ice Magic, Air Magic and Earth Magic.
 G - the ring of Ybluaph {rElec rC+ Will+}
   (You found it on level 9 of a ziggurat)

   [ring of willpower]

   rC:        It protects you from cold.
   rElec:     It insulates you from electricity.
   Will:      It increases your willpower.
 I - the cursed ring of the Fated Vision (left hand) {Contam rF+ Int+3 Dex+6, Self, Bglg}
   (You found it in the Desolation of Salt)

   [ring of protection from fire]

   Int:       It affects your intelligence (+3).
   Dex:       It affects your dexterity (+6).
   rF:        It protects you from fire.
   Contam:    It causes magical contamination when unequipped.
   It has a curse which improves the following skills: Introspection: Fighting
   and Spellcasting.
   Beguiling: Conjurations, Hexes and Translocations.
 J - the ring of Veom Gonoec {rElec rPois rCorr Str-3 Int+6}
   (You found it in the Desolation of Salt)

   [ring of intelligence]

   Str:       It affects your strength (-3).
   Int:       It affects your intelligence (+6).
   rElec:     It insulates you from electricity.
   rPois:     It protects you from poison.
   rCorr:     It protects you from acid and corrosion.
 N - the ring of Ascent {rPois rN+ rCorr MP+9 Dex-4}
   (You found it on level 12 of a ziggurat)

   [ring of positive energy]

   Dex:       It affects your dexterity (-4).
   rPois:     It protects you from poison.
   rN:        It protects you from negative energy.
   MP:        It affects your magic capacity (+9).
   rCorr:     It protects you from acid and corrosion.
Wands
 i - a wand of digging (14)
 P - a wand of mindburst (12)
 Q - a wand of iceblast (49)
 Z - a wand of acid (26)
Scrolls
 a - 15 scrolls of immolation
 d - 5 scrolls of silence
 g - 7 scrolls of torment
 p - a scroll of summoning
 r - 25 scrolls of teleportation
 u - 16 scrolls of amnesia
 A - 20 scrolls of enchant weapon
 D - 10 scrolls of magic mapping
 F - 13 scrolls of vulnerability
 H - 9 scrolls of fear
 L - 4 scrolls of blinking
 T - 5 scrolls of enchant armour
 U - 19 scrolls of fog
 W - 6 scrolls of brand weapon
Potions
 c - 9 potions of ambrosia
 l - 34 potions of curing
 n - 7 potions of heal wounds
 o - 2 potions of resistance
 t - 8 potions of cancellation
 x - 10 potions of attraction
 y - 3 potions of berserk rage
 E - 11 potions of lignification
 K - 23 potions of mutation
 O - 7 potions of brilliance
 V - 2 potions of might
Miscellaneous
 R - a phantom mirror
 X - a lightning rod (4/4)
 Y - a phial of floods


   Skills:
 * Level 15.6(21.0) Fighting
 - Level 12.4(15.8) Long Blades
 - Level 12.9(15.1) Armour
 - Level 19.5 Dodging
 - Level 2.0 Stealth
 - Level 3.6(5.7) Shields
 - Level 16.3(21.6) Spellcasting
 - Level 24.1(27) Conjurations
 - Level 13.8(16.0) Necromancy
 - Level 21.3(27) Fire Magic
 - Level 21.7(27) Air Magic
 - Level 10.4(16.8) Earth Magic


You had 34 spell levels left.
You knew the following spells:

 Your Spells              Type           Power      Damage    Failure   Level
a - Fireball              Conj/Fire      47%        3d19      0%          5
b - Ignition              Fire           47%        3d13      1%          8
c - Fire Storm            Conj/Fire      47%        8d12      1%          9
d - Sublimation of Blood  Necr           74%        N/A       0%          2
e - Chain Lightning       Conj/Air       47%        3d62      1%          9
f - Blink                 Tloc           48%        N/A       1%          2

Your spell library contained the following spells:

 Spells                   Type           Power      Damage    Failure   Level
 Foxfire                  Conj/Fire      100%       2x1d9     0%          1
 Magic Dart               Conj           100%       1d8       0%          1
 Sandblast                Erth           100%       2d20      0%          1
 Shock                    Conj/Air       100%       1d9       0%          1
 Cigotuvi's Dreadful Rot  Necr/Pois/Air  100%       N/A       0%          2
 Searing Ray              Conj           100%       2d8       0%          2
 Static Discharge         Conj/Air       100%       2-7/arc   0%          2
 Kindle Blastsparks       Fire/Tloc/Air  100%       2d18      0%          3
 Mephitic Cloud           Conj/Pois/Air  78%        N/A       0%          3
 Stone Arrow              Conj/Erth      100%       3d13      0%          3
 Swiftness                Air            94%        N/A       0%          3
 Airstrike                Air            47%        2d(7-23)  0%          4
 Sticky Flame             Conj/Fire      94%        2d10      0%          4
 Conjure Ball Lightning   Conj/Air       47%        3x3d16    0%          6
 Starburst                Conj/Fire      47%        6d13      0%          6
 Beastly Appendage        Tmut           48%        N/A       1%          1
 Freeze                   Ice            100%       1d11      1%          1
 Summon Small Mammal      Summ           96%        N/A       1%          1
 Call Imp                 Summ           24%        N/A       1%          2
 Ensorcelled Hibernation  Hex/Ice        50%        N/A       1%          2
 Passwall                 Tmut/Erth      46%        N/A       1%          2
 Wereblood                Tmut           24%        N/A       1%          2
 Dazzling Flash           Conj/Hex       100%       N/A       1%          3
 Ignite Poison            Fire/Tmut/Pois 58%        N/A       1%          3
 Inner Flame              Hex/Fire       69%        N/A       1%          3
 Anguish                  Hex/Necr       27%        N/A       1%          4
 Animate Armour           Summ/Erth      100%       N/A       1%          4
 Dispel Undead            Necr           74%        3d25      1%          4
 Fulminant Prism          Conj/Hex       34%        3d16      1%          4
 Hailstorm                Conj/Ice       69%        3d14      1%          4
 Iskenderun's Mystic Bla  Conj/Tloc      69%        2d14      1%          4
 Leda's Liquefaction      Hex/Erth       28%        N/A       1%          4
 Petrify                  Tmut/Erth      56%        N/A       1%          4
 Summon Lightning Spire   Summ/Air       68%        N/A       1%          4
 Agony                    Necr           74%        N/A       1%          5
 Borgnjor's Vile Clutch   Necr/Erth      37%        N/A       1%          5
 Freezing Cloud           Conj/Ice/Air   39%        6-21      1%          5
 Irradiate                Conj/Tmut      34%        3d23      1%          5
 Lee's Rapid Deconstruct  Erth           37%        3d20*     1%          5
 Silence                  Hex/Air        34%        N/A       1%          5
 Death Channel            Necr           37%        N/A       1%          6
 Iron Shot                Conj/Erth      43%        9d8       1%          6
 Orb of Destruction       Conj           47%        9d12      1%          7
 Lehudib's Crystal Spear  Conj/Erth      43%        10d10     1%          8
 Maxwell's Capacitive Co  Air            47%        ∞         1%          8
 Frozen Ramparts          Ice            54%        1d9       2%          3
 Ozocubu's Armour         Ice            27%        N/A       2%          3
 Call Canine Familiar     Summ           24%        N/A       3%          3
 Confusing Touch          Hex            24%        N/A       3%          3
 Gell's Gravitas          Tloc           24%        N/A       3%          3
 Lesser Beckoning         Tloc           24%        N/A       3%          3
 Spider Form              Tmut/Pois      24%        N/A       3%          3
 Summon Guardian Golem    Hex/Summ       24%        N/A       3%          3
 Teleport Other           Tloc           24%        N/A       3%          3
 Tukima's Dance           Hex            24%        N/A       3%          3
 Spellforged Servitor     Conj/Summ      34%        N/A       4%          7
 Storm Form               Tmut/Air       34%        N/A       4%          7
 Simulacrum               Ice/Necr       27%        N/A       6%          6
 Statue Form              Tmut/Erth      37%        N/A       6%          6
 Ice Form                 Ice/Tmut       25%        N/A       9%          4
 Summon Ice Beast         Ice/Summ       25%        N/A       10%         4
 Cause Fear               Hex            12%        N/A       11%         4
 Manifold Assault         Tloc           24%        N/A       11%         4
 Passage of Golubria      Tloc           24%        N/A       11%         4
 Alistair's Intoxication  Tmut/Pois      16%        N/A       26%         5
 Blade Hands              Tmut           12%        N/A       26%         5
 Metabolic Englaciation   Hex/Ice        12%        N/A       26%         5
 Yara's Violent Unravell  Hex/Tmut       12%        3d7       26%         5
 Summon Forest            Summ/Tloc      12%        N/A       28%         5
 Summon Mana Viper        Hex/Summ       24%        N/A       28%         5
 Haunt                    Necr/Summ      27%        N/A       32%         7
 Shatter                  Erth           37%        3d30*     75%         9
 Dispersal                Tloc           12%        N/A       80%         6
 Eringya's Noxious Bog    Tmut/Pois      12%        N/A       80%         6
 Ozocubu's Refrigeration  Ice            13%        4d10      99%         7
 Dragon Form              Tmut           12%        N/A       100%        7
 Enfeeble                 Hex            12%        N/A       100%        7
 Malign Gateway           Summ/Tloc      12%        N/A       100%        7
 Summon Hydra             Summ           12%        N/A       100%        7
 Discord                  Hex            12%        N/A       100%        8
 Disjunction              Tloc           12%        N/A       100%        8
 Summon Horrible Things   Summ           12%        N/A       100%        8
 Dragon's Call            Summ           12%        N/A       100%        9
 Polar Vortex             Ice            13%        N/A       100%        9


Dungeon Overview and Level Annotations

Branches:
Dungeon (15/15)            Temple (1/1) D:6            Lair (5/5) D:10
 Shoals (4/4) Lair:2       Spider (4/4) Lair:3        Slime (5/5) Lair:5
    Orc (2/2) D:10            Elf (3/3) Orc:2        Vaults (5/5) D:13
  Crypt (0/3) Vaults:2     Depths (4/4) D:15            Zot (4/5) Depths:4
Ossuary (visited)          Bailey (visited)           IceCv (visited)
 WizLab (visited)         Desolation (visited)

Altars:
Ashenzari
Dithmenos
Elyvilon
Fedhas
Gozag
Hepliaklqana
Kikubaaqudgha
Makhleb
Nemelex Xobeh
Okawaru
Qazlal
Ru
Sif Muna
Trog
Uskayaw
Vehumet
Wu Jian
Xom
Yredelemnul
Zin
The Shining One
Jiyva

Shops:
D:4 (   D:10 !?   Orc:2 *:(![   Elf:3 [   Shoals:1 *   Zot:1 *

Portals:
Hell: Lair:5 Depths:1 Depths:2 Depths:3 Depths:4
Abyss: Depths:1 Depths:3
Pandemonium: Depths:2

Annotations:
D:4 Blork the orc
Lair:3 exclusion: hydra
Spider:1 2 transporters, TemplarDane's ghost, journeyman HOMo
Spider:3 1 runed translucent door, Daunt's ghost, adept MeFE
Elf:3 6 transporters


Innate Abilities, Weirdness & Mutations

You have a somewhat thin skeletal structure. (Dex +2, Stealth+)
Your body sometimes deteriorates upon taking damage.


Message History

A raging storm of fire appears!
The great blast of fire engulfs the naga mage!!!
You kill the naga mage!
The great blast of fire engulfs the naga ritualist!!!
The naga ritualist is severely wounded.
The great blast of fire engulfs the naga ritualist!!
The naga ritualist is heavily wounded.
The great blast of fire engulfs the salamander tyrant!!
The salamander tyrant partially resists.
The salamander tyrant is heavily wounded.
The great blast of fire engulfs the nagaraja!!!
You kill the nagaraja!
The great blast of fire engulfs the naga warrior!!!
The naga warrior is almost dead.
Your fire vortex hits something.
Your fire vortex burns something!
Your fire vortex dissipates!
The salamander tyrant calls gouts of flame from the lava!
The flame surge hits you!! You resist.
* * * LOW HITPOINT WARNING * * *
The flame surge hits your fire vortex.
Your fire vortex completely resists.
The flame surge hits your fire vortex.
Your fire vortex completely resists.
Your fire vortex hits the naga warrior.
Your fire vortex burns the naga warrior!
The naga warrior dies!
Your fire vortex dissipates!
The salamander tyrant calls gouts of flame from the lava!
The flame surge hits you! You resist.
* * * LOW HITPOINT WARNING * * *
The flame surge hits your fire vortex.
Your fire vortex completely resists.
Something hits your fire vortex.
Your fire vortex hits something.
Your fire vortex dissipates!
Casting: Fire Storm (dangerous; 1% risk of failure)
Confirm with . or Enter, or press ? or * to list all spells.
You draw magical energy from your own body!
The salamander tyrant rends the earth beneath you!
The blast of magma engulfs you!! You partially resist.
You die...

, .......▓▓ *
.........▓▓ ,
..........▓▓ ,
...........▓▓ , ,
,.)..N.......▓▓▓▓▓
,
,,N).....v.....▓▓▓▓
,,
,.†..)...v.....▓▓▓
, ,
.v..°†.......∩.▓▓
,,
,))v.††.....@≈.▓▓▓
,,
.v).†v......≈▓▓▓▓
,††)N........▓▓▓▓▓
,, ....)......▓▓▓▓
, ,..........▓▓▓▓
,,,.........▓▓▓▓ *
,........▓▓ *
▓▓▓▓▓▓▓▓▓


You could see a salamander tyrant and 3 friendly fire vortices.

Vanquished Creatures
  the Royal Jelly (Slime:5)
  3 dread liches
  3 ancient liches (Vaults:5)
  A pandemonium lord (Zig:6)
  2 juggernauts
  Vv (Zot:4)
  2 Killer Klowns (Zot:4)
  A shard shrike (shapeshifter) (Vaults:5)
  3 caustic shrikes (Zig:12)
  3 curse toes
  7 golden dragons
  A pearl dragon (Zig:9)
  Arachne (Spider:2)
  2 doom hounds (Zig:11)
  Nikola (Elf:1)
  10 bone dragons
  A profane servitor (Zig:11)
  3 Tzitzimimeh (Zig:11)
  8 electric golems
  A hellephant (Zig:12)
  2 iron giants
  4 liches
  2 tainted leviathans (Zig:11)
  Rupert (D:15)
  A deep elf blademaster (Elf:3)
  17 tentacled monstrosities
  2 Hell Sentinels
  A walking crystal tome (Depths:3)
  9 titans
  4 deep elf master archers (Elf:3)
  A walking earthen tome (Depths:3)
  6 quicksilver dragons
  A kraken (Shoals:3)
  20 acid blobs
  2 tentacled starspawn
  10 death cobs
  11 sphinxes
  Kirke (D:15)
  3 ancient champions
  10 nagarajas (Zig:18)
  The ghost of drugrobin the Bewitcher, an adept DgDe (Shoals:2)
  6 draconian monks
  5 tengu reavers
  3 daevas (Zig:9)
  14 azure jellies
  2 quicksilver elementals (Zig:10)
  6 shadow dragons
  16 rockslimes
  7 fire giants
  8 storm dragons
  2 revenants (Zig:17)
  5 draconian knights
  8 draconian shifters
  4 deep elf sorcerers (Elf:3)
  Louise (Depths:1)
  7 emperor scorpions
  A frost giant (shapeshifter) (Vaults:5)
  An iron dragon (Depths:3)
  A balrug (Depths:2)
  3 imperial myrmidons (Desolation)
  A cacodemon (Zig:6)
  2 juggernaut zombies (Depths:1)
  14 vault wardens
  8 draconian scorchers
  10 frost giants
  11 ghost moths
  4 reapers
  3 deep elf elementalists (Elf:3)
  7 draconian annihilators
  A curse skull (Zig:17)
  5 angels
  Aizul (Shoals:4)
  20 quicksilver oozes
  19 ironbound preservers
  A spriggan defender (Depths:4)
  2 demonspawn blood saints (Zig:6)
  2 draconian stormcallers
  12 stone giants
  5 orc warlords
  4 war gargoyles
  6 broodmothers
  11 very ugly things
  An ophan (Zig:9)
  8 ironbound thunderhulks
  2 putrid mouths (Zig:11)
  A vampire knight (Zig:17)
  2 apis (Zig:9)
  A lorocyproca (Abyss:3)
  2 elemental wellsprings (Shoals:2)
  8 green draconians
  13 black draconians
  An eleionoma (Zig:13)
  5 dire elephants
  10 deep elf demonologists
  9 purple draconians
  2 halazid warlocks (Desolation)
  5 deep elf annihilators (Elf:3)
  7 spark wasps
  The ghost of Hihocicw the Cleaver, a journeyman MeBr of Zin (Orc:1)
  A bunyip (Zig:13)
  A minotaur (Shoals:4)
  7 yellow draconians
  Snorg (D:12)
  7 red draconians
  8 white draconians
  10 ettins
  7 deep elf death magi
  5 eidola (Zig:17)
  2 merfolk javelineers
  5 iron golems
  12 fire dragons
  2 crystal guardians
  11 ragged hierophants (Desolation)
  A green death (Zig:13)
  19 entropy weavers
  A quicksilver dragon zombie (Depths:1)
  A merfolk impaler (Shoals:3)
  3 jiangshi
  3 deep elf high priests
  32 vault guards
  7 ice dragons
  9 servants of whispers (Desolation)
  18 yaktaur captains
  A ghost crab (Zig:13)
  Harold (Lair:2)
  9 great orbs of eyes
  11 hydras
  3 rakshasas
  Erolcha (D:13)
  A catoblepas (Lair:5)
  10 salamander tyrants (Zig:18)
  4 ogre magi
  12 centaur warriors
  A boulder beetle (shapeshifter) (Vaults:4)
  2 merfolk avatars (Shoals:4)
  10 spriggan air magi
  3 jorogumos
  8 peacekeepers
  12 ironbound frosthearts
  7 merfolk aquamancers
  10 two-headed ogres
  2 alligators (Zig:13)
  7 deep troll shamans
  3 radroaches
  An anaconda (Zig:18)
  An alligator snapping turtle (Shoals:4)
  15 satyrs
  9 boulder beetles
  18 dancing weapons
  7 tengu warriors
  An anaconda (shapeshifter) (Depths:4)
  2 death scarabs (Zig:8)
  8 deep troll earth magi
  A death yak (Lair:4)
  10 shock serpents
  6 spriggan berserkers
  3 vampire magi
  9 thrashing horrors
  2 naga sharpshooters (Zig:18)
  5 hell knights (Depths:3)
  Sonja (D:11)
  3 spriggans
  9 deep elf knights
  4 wretched stars
  4 crystal echidnas
  7 sixfirhies
  2 sun moths (Spider:2)
  A fire crab (Zig:12)
  3 iron trolls
  A death drake (shapeshifter) (Elf:3)
  3 skeletal warriors (D:12)
  2 spark wasp zombies
  A golden dragon zombie (Depths:1)
  A goliath frog (Zig:13)
  A sea snake (shapeshifter) (Vaults:5)
  2 obsidian statues (Zig:13)
  A spatial maelstrom (Abyss:3)
  A storm dragon skeleton (Depths:3)
  9 pharaoh ants
  4 glowing orange brains
  A death drake (Zig:13)
  58 deep trolls
  6 sea snakes
  12 wizards
  7 steelbarb worms
  8 deep elf archers
  4 swamp dragons (Zig:13)
  An anaconda skeleton (WizLab)
  14 orb spiders
  23 ironbound convokers
  8 flayed ghosts
  2 shadow dragon zombies (Depths:3)
  2 tengu zombies
  A shadow demon (Zig:6)
  24 deep elf pyromancers
  12 lindwurms
  2 orange crystal statues (Zot:2)
  32 harpies
  6 phantasmal warriors
  15 orc knights
  4 sphinx zombies (Depths:1)
  8 necromancers
  23 starcursed masses (Abyss:3)
  43 ugly things
  A mana viper (Zig:18)
  A golden dragon skeleton (Depths:3)
  19 deep elf zephyrmancers
  An iron dragon zombie (Depths:3)
  8 shining eyes
  2 frost giant zombies
  4 orc sorcerers
  A will-o-the-wisp (Zig:13)
  15 fauns
  2 fire giant zombies
  5 oklob plants (Zot:2)
  2 worldbinders
  3 stone giant zombies
  2 elephants (shapeshifter)
  32 wolf spiders
  15 manticores
  39 moths of wrath
  7 cyclopes
  10 water nymphs
  A frost giant skeleton (Zig:8)
  8 black mambas
  9 merfolk sirens
  2 apocalypse crabs
  8 elephants
  5 centaur zombies
  Joseph (D:9)
  2 naga magi
  17 vault sentinels
  A stone giant skeleton (Vaults:3)
  A demonspawn skeleton (WizLab)
  An eye of devastation (Slime:3)
  A rust devil (Abyss:3)
  An eye of devastation (shapeshifter) (Vaults:5)
  Maggie (D:7)
  8 torpor snails
  5 ice statues
  A molten gargoyle (Desolation)
  A gargoyle (D:11)
  18 cane toads
  6 smoke demons
  2 orange demons (Depths:2)
  10 guardian serpents
  7 demonic crawlers
  2 anaconda simulacra (IceCv)
  4 tormentors
  4 efreet
  15 yaktaurs
  4 kobold demonologists
  6 rime drakes
  A yaktaur (shapeshifter) (Vaults:5)
  13 komodo dragons
  4 tengu conjurers
  2 guardian mummies (Zig:8)
  5 ice devils
  A hellwing (Abyss:3)
  6 ancient zymes (Abyss:3)
  4 freezing wraiths
  3 polar bears
  A golden dragon simulacrum (Depths:3)
  28 merfolk
  A harpy zombie (Abyss:3)
  2 spriggan skeletons
  70 saltlings (Desolation)
  A meliai (shapeshifter) (Abyss:3)
  A silent spectre (Abyss:3)
  6 meliai (Spider:2)
  5 red devils
  6 trolls
  8 hornets
  4 large abominations (Abyss:3)
  34 tarantellas
  10 wind drakes
  2 wolf spider simulacra (D:15)
  7 spriggan zombies
  105 slime creatures
  7 snapping turtles
  19 blink frogs
  27 jumping spiders
  4 dream sheep
  2 human simulacra (Vaults:3)
  17 raiju
  An ettin zombie (Depths:1)
  A culicivora (shapeshifter) (D:15)
  3 meliai zombies (D:12)
  A frost giant simulacrum (Depths:3)
  A shadow (D:12)
  2 flying skulls
  A dire elephant simulacrum (Lair:4)
  6 wyverns
  3 ynoxinuls
  19 culicivoras
  20 water elementals
  6 air elementals
  2 ushabtiu (Zig:8)
  6 vampires (D:12)
  Grum (D:11)
  37 yaks
  7 hogs (D:15)
  4 basilisks
  6 golden eyes (Slime:5)
  5 wraiths
  A neqoxec (Abyss:3)
  A hog (shapeshifter) (Elf:3)
  5 fire elementals
  48 redbacks
  2 death yak simulacra (IceCv)
  7 vampire mosquitoes
  3 chaos spawn
  Menkaure (D:4)
  6 spatial vortices (WizLab)
  2 nagas (shapeshifter) (Vaults:5)
  4 wargs
  4 glowing shapeshifter zombies (Depths:1)
  An acid dragon (D:9)
  8 hell hounds
  13 water moccasins
  A floating eye (Slime:5)
  3 ice beasts
  38 orc warriors
  4 sky beasts
  A black bear (D:4)
  3 ogres
  5 small abominations (Abyss:3)
  A black bear (shapeshifter) (Depths:1)
  17 wolves
  34 centaurs
  6 boggarts
  5 kobold brigands
  An elf zombie (D:5)
  6 earth elementals
  3 gnoll sergeants
  2 elf skeletons
  17 bullfrogs
  An entropy weaver simulacrum (Lair:4)
  2 two-headed ogre simulacra (Lair:4)
  3 wights (D:7)
  2 cane toad simulacra
  A hornet simulacrum (D:15)
  3 water moccasin zombies (Ossuary)
  3 elephant simulacra
  10 killer bees
  8 howler monkeys
  3 jellies (D:6)
  7 electric eels
  A crimson imp (WizLab)
  An iron imp (Abyss:3)
  3 quasits
  17 orc priests
  2 hounds (D:5)
  2 human zombies
  5 iguanas
  25 orc wizards
  5 lightning spires (Zot:2)
  A polar bear simulacrum (Lair:4)
  2 spriggan simulacra
  A wolf simulacrum (IceCv)
  4 mummies
  15 gnolls
  A river rat (shapeshifter) (Vaults:5)
  9 adders
  2 naga simulacra (Lair:4)
  3 shadow imps
  6 white imps
  7 ufetubi
  9 adder zombies (Ossuary)
  3 dart slugs (D:1)
  81 orcs
  A ball python (shapeshifter) (Vaults:5)
  7 bats
  8 endoplasms
  3 giant cockroaches
  17 goblins
  15 hobgoblins
  2 quokkas
  4 ball pythons
  3 frilled lizards
  3 gnoll zombies (Ossuary)
  3 hobgoblin zombies (Ossuary)
  23 kobolds
  10 kobold zombies (Ossuary)
  2 orc skeletons (D:5)
  6 orc zombies
  7 rats
  6 ball lightnings (Zig:3)
  A bush (Lair:5)
  2 lurking horrors (Abyss:3)
  2 starspawn tentacles
2741 creatures vanquished.

Vanquished Creatures (collateral kills)
  A golden dragon (Zot:4)
  A pearl dragon (Zig:9)
  A hellephant (Abyss:3)
  A titan (Vaults:5)
  An acid blob (Slime:5)
  A storm dragon (Zot:4)
  2 rockslimes (Slime:5)
  A ghoul (Zig:13)
  A vault warden (Vaults:5)
  A draconian stormcaller (Zig:14)
  An ironbound preserver (Vaults:5)
  2 very ugly things (Depths:4)
  A white draconian (Zot:4)
  A yellow draconian (Zot:4)
  A purple draconian (Zig:14)
  An eleionoma (Zig:13)
  A deep elf death mage (Vaults:5)
  A merfolk javelineer (Abyss:3)
  2 eidola (Zig:17)
  2 great orbs of eyes (Slime:5)
  A ragged hierophant (Desolation)
  A peacekeeper (Desolation)
  2 two-headed ogres
  A death knight (D:15)
  A naga warrior (Zig:18)
  A vampire mage (Depths:1)
  A sun moth (Zig:15)
  A shadow wraith (Zig:17)
  A spriggan druid (Zig:13)
  A swamp dragon (Zig:13)
  An ironbound convoker (Desolation)
  An ugly thing (Depths:3)
  A frost giant zombie (Zig:8)
  A vault sentinel (Vaults:3)
  A black mamba (Zig:12)
  A tyrant leech (Zig:13)
  2 saltlings (Desolation)
  2 slime creatures
  A redback (Zig:15)
  A water moccasin (Zig:12)
  A floating eye (shapeshifter) (Depths:2)
  A small abomination (Abyss:3)
  2 orc warriors (Bailey)
  A human simulacrum (Vaults:3)
  A mummy (Zig:8)
  A goblin (Bailey)
54 creatures vanquished.

Vanquished Creatures (others)
  A pandemonium lord (Zig:3)
  A demonspawn corrupter (Zig:3)
  A boulder beetle (D:12)
  A yak (D:9)
  An orc warrior (Bailey)
  An orc (Orc:2)
  562 fire vortices
  12 fungi
  59 plants
  13 starspawn tentacles
  4 tentacles (Shoals:3)
  4 withered plants (Desolation)
660 creatures vanquished.

Grand Total: 3455 creatures vanquished

Notes
Turn   | Place    | Note
-------+----------+-------------------------------------------
     0 | D:1      | blackman the Human Monk began the quest for the Orb.
     0 | D:1      | Reached XP level 1. HP: 18/18 MP: 1/1
   105 | D:1      | Reached XP level 2. HP: 24/24 MP: 2/2
   771 | D:1      | Reached XP level 3. HP: 21/29 MP: 3/3
  1753 | D:2      | Found a faded altar of an unknown god.
  1870 | D:2      | Reached XP level 4. HP: 35/35 MP: 4/4
  1882 | D:2      | Identified the +2 hand axe of the Hidden Vale {elec, rF+
                  | Will++}
  2507 | D:3      | Reached skill level 5 in Long Blades
  2782 | D:3      | You fall into a shaft and drop 3 floors!
  2927 | D:6      | Reached XP level 5. HP: 31/41 MP: 5/5
  3019 | D:6      | Noticed a sky beast
  3023 | D:6      | Identified a scroll of acquirement
  3023 | D:6      | Acquired the +9 demon blade of Descent {drain, rPois}
  3030 | D:6      | Killed a sky beast
  3031 | D:6      | Reached XP level 6. HP: 4/47 MP: 6/6
  3429 | D:6      | Found a staircase to the Ecumenical Temple.
  3431 | D:6      | Noticed an ice beast
  3443 | D:6      | Killed an ice beast
  3453 | Temple   | Entered the Ecumenical Temple
  3501 | Temple   | Became a worshipper of Ashenzari the Shackled
  3799 | D:5      | Entered Level 5 of the Dungeon
  3827 | D:5      | Reached XP level 7. HP: 52/52 MP: 7/7
  3861 | D:5      | Found a sand-covered staircase.
  3868 | Ossuary  | Entered an ossuary
  4131 | Ossuary  | Reached * piety under Ashenzari
  4255 | D:5      | Reached XP level 8. HP: 55/58 MP: 8/8
  5046 | D:5      | Reached ** piety under Ashenzari
  5265 | D:4      | Acquired the +10 zealot's sword {holy, *Rage rN+ EV+3}
  5265 | D:4      | Found the +10 zealot's sword {holy, *Rage rN+ EV+3}
  5287 | D:4      | Found Jorem's Antique Weapon Emporium.
  6207 | D:4      | Noticed Menkaure
  6213 | D:4      | Killed Menkaure
  6214 | D:4      | Reached skill level 10 in Long Blades
  6736 | D:4      | Noticed Blork the orc
  7270 | D:6      | Found a glowing golden altar of the Shining One.
  7321 | D:6      | Reached XP level 9. HP: 47/63 MP: 9/9
  8146 | D:7      | Reached *** piety under Ashenzari
  8163 | D:7      | Noticed Maggie
  8176 | D:7      | Killed Maggie
  8525 | D:7      | Reached XP level 10. HP: 64/73 MP: 10/10
  8944 | D:7      | Reached skill level 5 in Fighting
  8944 | D:7      | Reached skill level 5 in Dodging
  9546 | D:8      | Found a glowing silver altar of Zin.
  9549 | D:8      | Found a hide-covered altar of Uskayaw.
  9552 | D:8      | Found a burning altar of Makhleb.
 10011 | D:9      | Found a flagged portal.
 10117 | Bailey   | Entered a bailey
 10150 | Bailey   | Noticed an orc knight
 10173 | Bailey   | Killed an orc knight
 10204 | Bailey   | Noticed an orc knight
 10216 | Bailey   | Killed an orc knight
 10217 | Bailey   | Reached XP level 11. HP: 70/85 MP: 11/11
 10229 | Bailey   | Noticed an orc warlord
 10258 | Bailey   | Killed an orc warlord
 10364 | Bailey   | Noticed an orc knight
 10379 | Bailey   | Killed an orc knight
 10471 | Bailey   | Acquired a manual of Stealth
 11022 | D:9      | Noticed a two-headed ogre
 11032 | D:9      | Killed a two-headed ogre
 11125 | D:9      | Found an ornate altar of the Wu Jian Council.
 11141 | D:9      | Noticed Joseph
 11150 | D:9      | Killed Joseph
 11410 | D:10     | Entered Level 10 of the Dungeon
 11534 | D:10     | Found a sparkling altar of Nemelex Xobeh.
 11688 | D:10     | Found Hasul's Distillery.
 11700 | D:10     | Found Ahyasoer's Magic Scroll Shop.
 11708 | D:10     | Bought a scroll of enchant armour for 112 gold pieces
 11718 | D:10     | Found a staircase to the Lair.
 11727 | D:10     | Reached skill level 1 in Fire Magic
 11740 | D:10     | Reached skill level 1 in Conjurations
 11870 | D:10     | Noticed a two-headed ogre
 11883 | D:10     | Noticed a two-headed ogre
 11891 | D:10     | Killed a two-headed ogre
 11892 | D:10     | Reached skill level 2 in Conjurations
 11907 | D:10     | Killed a two-headed ogre
 11927 | D:10     | Identified the +2 robe of Efest {Dex+4}
 11985 | D:10     | Reached XP level 12. HP: 94/96 MP: 12/12
 12064 | D:10     | Identified the +6 scale mail of Jigsaw {Str+4 Dex+4}
 12118 | D:10     | Reached skill level 3 in Conjurations
 12416 | D:10     | Found a staircase to the Orcish Mines.
 12517 | Lair:1   | Entered Level 1 of the Lair of Beasts
 12546 | Lair:1   | Reached skill level 5 in Fire Magic
 12975 | Lair:1   | Reached skill level 4 in Conjurations
 13286 | Lair:2   | Reached **** piety under Ashenzari
 13391 | Lair:2   | Noticed a five-headed hydra
 13399 | Lair:2   | Killed a five-headed hydra
 13400 | Lair:2   | Reached skill level 5 in Conjurations
 13413 | Lair:2   | Noticed Harold
 13422 | Lair:2   | Killed Harold
 13477 | Lair:2   | Found a dark tunnel.
 13654 | Lair:2   | Found a staircase to the Shoals.
 13685 | Lair:2   | Reached skill level 1 in Spellcasting
 13696 | Lair:2   | Reached XP level 13. HP: 88/101 MP: 12/15
 14067 | Lair:3   | Reached skill level 6 in Conjurations
 14116 | Lair:3   | Noticed a seven-headed hydra
 14206 | Lair:3   | Reached skill level 7 in Conjurations
 14281 | Lair:3   | Found a hole to the Spider Nest.
 14367 | Lair:3   | Learned a level 5 spell: Fireball
 14979 | Lair:3   | Killed a seven-headed hydra
 15305 | Lair:4   | Noticed a seven-headed hydra
 15306 | Lair:4   | Noticed an eight-headed hydra
 15315 | Lair:3   | Killed a seven-headed hydra
 15437 | Lair:4   | Found a frozen archway.
 15464 | IceCv    | Entered an ice cave
 15884 | IceCv    | Reached skill level 10 in Fire Magic
 16568 | IceCv    | Reached skill level 5 in Spellcasting
 16753 | Lair:4   | Killed an eight-headed hydra
 18048 | Lair:4   | Reached XP level 14. HP: 113/113 MP: 5/26
 18545 | Lair:5   | Entered Level 5 of the Lair of Beasts
 19708 | Lair:5   | Noticed a dire elephant
 19719 | Lair:5   | Killed a dire elephant
 19861 | Lair:5   | Found a burning altar of Makhleb.
 20486 | Lair:5   | Found a viscous altar of Jiyva.
 20486 | Lair:5   | Found a staircase to the Slime Pits.
 20621 | Lair:5   | Found a gateway to Hell.
 21023 | Orc:1    | Entered Level 1 of the Orcish Mines
 21206 | Orc:1    | Found a runed translucent door.
 21209 | Orc:1    | Noticed Hihocicw's ghost (journeyman MeBr)
 21628 | Orc:1    | Killed Hihocicw's ghost
 21691 | Orc:2    | Entered Level 2 of the Orcish Mines
 21755 | Orc:2    | Reached skill level 15 in Fire Magic
 21842 | Orc:2    | Found a staircase to the Elven Halls.
 21932 | Orc:2    | Reached XP level 15. HP: 79/119 MP: 17/27
 22667 | Orc:2    | Found Xiphah's Armour Boutique.
 22863 | Orc:2    | Found Ifiaw's Book Shoppe.
 22863 | Orc:2    | Found Voilaups's Antique Weapon Boutique.
 22865 | Orc:2    | Found Fiatz's Distillery.
 22867 | Orc:2    | Found Eseny's General Store.
 22874 | Orc:2    | Bought a potion of resistance for 130 gold pieces
 22874 | Orc:2    | Bought a potion of heal wounds for 65 gold pieces
 23061 | Orc:2    | Bought the +5 ring mail of Birdsong {rElec rC+ Int+4 Dex-5}
                  | for 718 gold pieces
 23300 | D:11     | Reached skill level 1 in Armour
 23523 | D:11     | Noticed Grum
 23536 | D:11     | Killed Grum
 23717 | D:11     | Noticed Sonja
 23719 | D:11     | Killed Sonja
 24685 | D:12     | Reached skill level 5 in Armour
 25307 | D:12     | Reached skill level 1 in Shields
 25395 | D:12     | Noticed Snorg
 25446 | D:12     | Killed Snorg
 26033 | D:13     | Noticed Erolcha
 26036 | D:13     | Killed Erolcha
 26703 | D:13     | Found a gate to the Vaults.
 26888 | Spider:1 | Entered Level 1 of the Spider Nest
 26926 | Spider:1 | Reached XP level 16. HP: 63/126 MP: 27/30
 27103 | Spider:1 | Noticed TemplarDane's ghost (journeyman HOMo)
 27105 | Spider:1 | Found a transporter.
 27464 | Spider:1 | Noticed an emperor scorpion
 27489 | Spider:1 | Killed an emperor scorpion
 27715 | Spider:1 | Learned a level 8 spell: Ignition
 27723 | Spider:1 | Identified the +1 leather armour of Fortification {rF+
                  | Slay+3}
 27737 | Spider:1 | Found a transporter.
 28516 | Spider:2 | Noticed an emperor scorpion
 28537 | Spider:2 | Killed an emperor scorpion
 29212 | Spider:2 | Noticed Arachne
 29230 | Spider:2 | Killed Arachne
 30716 | Spider:3 | Reached XP level 17. HP: 131/131 MP: 27/31
 31116 | Spider:3 | Identified the ring of Freedom {*Slow Fly Str+8 Int+6
                  | Dex-5}
 31550 | Spider:3 | Found a runed translucent door.
 31550 | Spider:3 | Noticed Daunt's ghost (adept MeFE)
 31832 | Spider:4 | Entered Level 4 of the Spider Nest
 34109 | Spider:4 | Reached skill level 8 in Conjurations
 34246 | Spider:4 | Identified the +1 leather armour "Kukinw Buramn" {rC- MP+9
                  | Str+3 SInv}
 34250 | Spider:4 | Reached ***** piety under Ashenzari
 34469 | Spider:4 | Reached XP level 18. HP: 143/143 MP: 3/34
 35198 | Spider:4 | Reached skill level 9 in Conjurations
 35342 | Spider:4 | Got a gossamer rune of Zot
 35664 | Elf:1    | Entered Level 1 of the Elven Halls
 35847 | Elf:1    | Found a magical portal.
 35866 | WizLab   | Entered The Roulette of Golubria
 35866 | WizLab   | Found a transporter.
 35869 | WizLab   | Identified the +0 cloak "Seinixybb" {rC+}
 35869 | WizLab   | Found a corrupted altar of Lugonu.
 35898 | WizLab   | Found a transporter.
 35908 | WizLab   | Found a transporter.
 35933 | WizLab   | Found a transporter.
 35965 | WizLab   | Reached skill level 10 in Spellcasting
 35973 | WizLab   | Found a transporter.
 35973 | WizLab   | Identified the +1 cloak "Veorep" {Fly}
 35996 | WizLab   | Found a transporter.
 35998 | WizLab   | Found the +2 cloak of the Thief {*Fog Slay-2 SInv Stlth+}
 36100 | WizLab   | Found a transporter.
 36132 | WizLab   | Found a transporter.
 36135 | WizLab   | Found a corrupted altar of Lugonu.
 36234 | WizLab   | Found a transporter.
 36235 | WizLab   | Found a transporter.
 36238 | WizLab   | Found a corrupted altar of Lugonu.
 36424 | WizLab   | Found a transporter.
 36424 | WizLab   | Found a transporter.
 36770 | WizLab   | Found a transporter.
 36770 | WizLab   | Found a transporter.
 36823 | WizLab   | Noticed a tentacled monstrosity
 36823 | WizLab   | Found a transporter.
 36823 | WizLab   | Found a transporter.
 36830 | WizLab   | Killed a tentacled monstrosity
 36831 | WizLab   | Reached skill level 10 in Conjurations
 36973 | WizLab   | Found a transporter.
 37330 | WizLab   | Found a transporter.
 37443 | WizLab   | Found a transporter.
 37443 | WizLab   | Found a transporter.
 38190 | Elf:1    | Identified the Almanac of Leadership
 38325 | Elf:1    | Noticed Nikola
 38353 | Elf:1    | Killed Nikola
 39230 | Elf:2    | Reached skill level 11 in Conjurations
 39303 | Elf:2    | Paralysed by an air elemental for 1 turns
 39588 | Elf:2    | Paralysed by an air elemental for 1 turns
 39718 | Elf:2    | Found a runed translucent gate.
 39718 | Elf:2    | Found a runed translucent gate.
 39718 | Elf:2    | Found a runed translucent gate.
 40086 | Elf:2    | Reached skill level 12 in Conjurations
 40703 | Elf:2    | Reached XP level 19. HP: 118/152 MP: 21/38
 42451 | Elf:2    | Reached skill level 13 in Conjurations
 42805 | Elf:3    | Entered Level 3 of the Elven Halls
 42828 | Elf:3    | Found a transporter.
 42832 | Elf:3    | Found a transporter.
 42882 | Elf:3    | Paralysed by an air elemental for 1 turns
 43301 | Elf:3    | Identified the ring "Casher" {Fly rElec rN+ Will+ MP+9}
 43402 | Elf:3    | Found a transporter.
 43429 | Elf:3    | Found a transporter.
 43468 | Elf:3    | Found a transporter.
 43470 | Elf:3    | Found a transporter.
 44175 | Elf:3    | Found Godunt's Antique Armour Emporium.
 44510 | Elf:3    | Reached skill level 14 in Conjurations
 45327 | Elf:3    | Identified the +6 scale mail of the Heron {Str+4 Dex+2}
 45335 | Elf:3    | Reached skill level 15 in Conjurations
 45339 | Elf:3    | Noticed a deep elf blademaster
 45343 | Elf:3    | Killed a deep elf blademaster
 45343 | Elf:3    | Identified the +11 dagger of Execution {vorpal, *Noise rF+
                  | Str+4 Int+8}
 45468 | Abyss:3  | Found a corrupted altar of Lugonu.
 45468 | Abyss:3  | Cast into level 3 of the Abyss (a deep elf sorcerer)
 45505 | Abyss:3  | Found a burning altar of Makhleb.
 45544 | Abyss:3  | Noticed a bone dragon
 45560 | Abyss:3  | Found a corrupted altar of Lugonu.
 45644 | Abyss:3  | Noticed a lich
 45649 | Elf:3    | Escaped the Abyss
 45663 | Elf:3    | Killed a lich
 45693 | Elf:3    | Identified the +1 swamp dragon scales of the Game of Kings
                  | {Rampage rPois rCorr Dex+3}
 45937 | Elf:3    | Identified the +8 flail of Araussis {vorpal, rPois rN+
                  | Str+3 Dex-3}
 45971 | Elf:3    | Identified the Vellum of the Arsonist
 45972 | Elf:3    | Identified the Dissertation on the Terrestrial Legion
 45973 | Elf:3    | Identified the +6 short sword of the Penguin {holy, SInv}
 45974 | Elf:3    | Identified the +7 hand axe "Killer Klown's Doom" {spect,
                  | rN+ Dex+7}
 46085 | Elf:3    | Identified the +11 scimitar of Neurosis {vorpal, Will++
                  | Int+4}
 46085 | Elf:3    | Identified the ring "Pilozaff" {Wiz rElec rPois Str-5
                  | Dex+4}
 46094 | Elf:3    | Reached skill level 16 in Conjurations
 46435 | Shoals:1 | Entered Level 1 of the Shoals
 47244 | Shoals:1 | Reached XP level 20. HP: 148/159 MP: 39/39
 47480 | Shoals:1 | Found Astrud's Overcharged Wands.
 48189 | Shoals:1 | Reached skill level 17 in Conjurations
 48474 | Shoals:2 | Found a runed translucent gate.
 48474 | Shoals:2 | Found a runed translucent gate.
 48474 | Shoals:2 | Found a runed translucent gate.
 48479 | Shoals:2 | Noticed drugrobin's ghost (adept DgDe)
 48484 | Shoals:2 | Identified the +0 helmet of the Elven Halls {Str+3}
 48792 | Shoals:2 | Killed drugrobin's ghost
 49453 | Shoals:2 | Reached skill level 18 in Conjurations
 50862 | Shoals:4 | Entered Level 4 of the Shoals
 52260 | Shoals:4 | Paralysed by a sphinx for 2 turns
 52274 | Shoals:4 | Identified the +1 chain mail "Lisairacw" {Harm Str+3}
 52985 | Shoals:4 | Reached skill level 19 in Conjurations
 53223 | Shoals:4 | Reached XP level 21. HP: 156/165 MP: 34/40
 53569 | Shoals:4 | Noticed Aizul
 54277 | Shoals:4 | Killed Aizul
 54655 | Shoals:4 | Got a barnacled rune of Zot
 54994 | Vaults:1 | Entered Level 1 of the Vaults
 55169 | D:14     | Learned a level 9 spell: Fire Storm
 56250 | D:15     | Entered Level 15 of the Dungeon
 56253 | D:15     | Found a stormy altar of Qazlal.
 56283 | D:15     | Noticed Rupert
 56286 | D:15     | Killed Rupert
 56305 | D:15     | Reached skill level 20 in Conjurations
 56626 | D:15     | Noticed Kirke
 56633 | D:15     | Killed Kirke
 56996 | D:15     | Found a staircase to the Depths.
 57821 | Depths:1 | Entered Level 1 of the Depths
 58156 | Slime:1  | Entered Level 1 of the Pits of Slime
 59551 | Slime:2  | Reached skill level 21 in Conjurations
 60711 | Slime:2  | Found a viscous altar of Jiyva.
 60716 | Slime:2  | Reached ****** piety under Ashenzari
 62687 | Slime:5  | Entered Level 5 of the Pits of Slime
 62860 | Slime:5  | Noticed the Royal Jelly
 63433 | Slime:3  | Reached XP level 22. HP: 166/177 MP: 36/43
 64367 | Slime:4  | Gained mutation: Your spells are a little easier to cast,
                  | but a little less powerful. [a shining eye]
 64546 | Slime:4  | Reached skill level 22 in Conjurations
 66368 | Slime:5  | Gained mutation: Armour fits poorly on your strangely
                  | shaped body. [a shining eye]
 66368 | Slime:5  | Gained mutation: You are clumsy. (Dex -2) [a shining eye]
 66369 | Slime:5  | Gained mutation: You are frail. (-10% HP) [a shining eye]
 66422 | Slime:4  | Lost mutation: Your spells are a little easier to cast, but
                  | a little less powerful. [potion of mutation]
 66422 | Slime:4  | Lost mutation: You are clumsy. (Dex -2) [potion of
                  | mutation]
 66422 | Slime:4  | Lost mutation: You are frail. (-10% HP) [potion of
                  | mutation]
 66422 | Slime:4  | Gained mutation: You are agile. (Dex +4, Str/Int -1)
                  | [potion of mutation]
 66422 | Slime:4  | Gained mutation: Your muscles are strong. (Str +4, Int/Dex
                  | -1) [potion of mutation]
 66422 | Slime:4  | Gained mutation: Your muscles are very strong. (Str +8,
                  | Int/Dex -2) [potion of mutation]
 66423 | Slime:4  | Lost mutation: You are agile. (Dex +4, Str/Int -1) [potion
                  | of mutation]
 66423 | Slime:4  | Lost mutation: Armour fits poorly on your strangely shaped
                  | body. [potion of mutation]
 66423 | Slime:4  | Lost mutation: Your muscles are very strong. (Str +8,
                  | Int/Dex -2) [potion of mutation]
 66423 | Slime:4  | Gained mutation: Your body sometimes deteriorates upon
                  | taking damage. [potion of mutation]
 66423 | Slime:4  | Gained mutation: Your spells are a little easier to cast,
                  | but a little less powerful. [potion of mutation]
 66424 | Slime:4  | Lost mutation: Your body sometimes deteriorates upon taking
                  | damage. [potion of mutation]
 66424 | Slime:4  | Lost mutation: Your spells are a little easier to cast, but
                  | a little less powerful. [potion of mutation]
 66424 | Slime:4  | Lost mutation: Your muscles are strong. (Str +4, Int/Dex
                  | -1) [potion of mutation]
 66424 | Slime:4  | Gained mutation: Your body sometimes deteriorates upon
                  | taking damage. [potion of mutation]
 66424 | Slime:4  | Gained mutation: You have a somewhat thin skeletal
                  | structure. (Dex +2, Stealth+) [potion of mutation]
 68489 | Slime:5  | Identified the +5 quarterstaff "Hannosam" {flame, rElec}
 68823 | Slime:5  | Killed the Royal Jelly
 70144 | Slime:5  | Identified the +9 hand axe "Iczuhin" {drain, rN+ Str+5}
 70149 | Slime:5  | Identified the +8 plate armour of Vumpotat {rC+ Str+3
                  | Slay+5}
 70185 | Slime:5  | Got a slimy rune of Zot
 70187 | Slime:5  | Identified the +1 ring mail of the Iron City of Dis {Dex+8}
 70381 | Slime:5  | Identified the +1 robe of the Six of Cups {rF+ rC+}
 71478 | Vaults:1 | Reached skill level 23 in Conjurations
 73093 | Vaults:1 | Identified the +1 robe "Kocyemel" {rElec Regen+ Dex+4}
 73294 | Vaults:2 | Found a white marble altar of Elyvilon.
 73295 | Vaults:2 | Found a crumbling gateway.
 73295 | Vaults:2 | Found a glowing silver altar of Zin.
 73373 | Vaults:2 | Found a glowing golden altar of the Shining One.
 73457 | Desolati | Entered the Desolation of Salt
 73550 | Desolati | Reached XP level 23. HP: 183/183 MP: 45/45
 73773 | Desolati | Identified the amulet "Vasagg Fomo" {Rampage rC++ Regen+
                  | Str-2}
 74058 | Desolati | Identified the ring "Reoluila" {rC+ rCorr Dex+4}
 74067 | Desolati | Identified the Compilation of Excruciating Imprecation
 74274 | Desolati | Identified the amulet of the Little Devil {Faith *Corrode
                  | rN+ Dex+2 Stlth+}
 74456 | Desolati | Identified the amulet "Bedalahys" {Spirit Regen+}
 74472 | Desolati | Identified the ring "Veonei" {Contam rF+ Int+3 Dex+6}
 74916 | Desolati | Identified the +8 great sword of Yqoix {pain, MP+9 Dex+4}
 75068 | Desolati | Identified the +4 war axe of Wrongful Imprisonment {venom,
                  | rN+++ rCorr Str-4 Stlth-}
 75073 | Desolati | Reached skill level 24 in Conjurations
 75843 | Desolati | Found the +6 arbalest "Damnation" {damnation}
 75845 | Desolati | Identified the Catalogue of the Immovable Geomancers
 76117 | Desolati | Identified the ring of Veom Gonoec {rElec rPois rCorr Str-3
                  | Int+6}
 76691 | Vaults:2 | Found an ancient bone altar of Kikubaaqudgha.
 76696 | Vaults:2 | Found a staircase to the Crypt.
 76696 | Vaults:2 | Found a basalt altar of Yredelemnul.
 77481 | Vaults:2 | Reached skill level 15 in Spellcasting
 77499 | Vaults:2 | HP: 9/181 [yaktaur captain (27)]
 78491 | Vaults:3 | Reached XP level 24. HP: 145/188 MP: 34/47
 80573 | Vaults:4 | Reached skill level 10 in Fighting
 81113 | Vaults:4 | Reached skill level 10 in Armour
 81817 | Vaults:4 | Reached skill level 10 in Dodging
 82512 | Vaults:5 | Entered Level 5 of the Vaults
 82516 | Vaults:5 | Noticed a dread lich
 82519 | Vaults:5 | Killed a dread lich
 82840 | Vaults:5 | Noticed an ancient lich
 82842 | Vaults:5 | Reached XP level 25. HP: 192/201 MP: 36/50
 83011 | Vaults:5 | Noticed an ancient lich
 83014 | Vaults:5 | Killed an ancient lich
 83014 | Vaults:5 | Killed an ancient lich
 83602 | Vaults:5 | Identified the +1 robe of Nihilism {Will+++ Str+3}
 84236 | Vaults:5 | Paralysed by a floating eye for 2 turns
 84237 | Vaults:5 | Noticed an ancient lich
 84240 | Vaults:5 | Killed an ancient lich
 84543 | Vaults:5 | Identified the +9 whip "Awut" {protect, *Noise rC+ Stlth+}
 84647 | Vaults:5 | Reached skill level 15 in Dodging
 85361 | Vaults:5 | Identified the +2 trident of the World {speed, Int+3}
 85425 | Vaults:5 | Got a silver rune of Zot
 85489 | Vaults:5 | Identified the Handbook of Mutated Bewitchment
 85605 | Vaults:5 | Reached skill level 1 in Earth Magic
 85889 | Vaults:5 | a fire giant changed into a caustic shrike
 85889 | Vaults:5 | Noticed a caustic shrike (glowing shapeshifter)
 85900 | Vaults:5 | a rockslime changed into a shard shrike
 85900 | Vaults:5 | Noticed a shard shrike (glowing shapeshifter)
 85902 | Vaults:5 | Killed a shard shrike
 85911 | Vaults:5 | Identified the +1 robe of Darkness {rCorr Str+6}
 86010 | Vaults:5 | Identified the +2 rapier of Itaurhe {freeze, *Corrode rElec
                  | rPois Int+5}
 86021 | Vaults:5 | Reached skill level 5 in Earth Magic
 86770 | Vaults:5 | Reached XP level 26. HP: 209/209 MP: 50/50
 86771 | Vaults:5 | Reached XP level 27. HP: 215/215 MP: 50/50
 87783 | Depths:1 | Reached skill level 10 in Earth Magic
 87994 | Depths:1 | Noticed Louise
 87996 | Depths:1 | Killed Louise
 88002 | Depths:1 | Learned a level 2 spell: Sublimation of Blood
 88194 | Depths:1 | Found a basalt altar of Yredelemnul.
 88196 | Depths:1 | Reached skill level 1 in Necromancy
 88456 | Depths:1 | Found a one-way gate to the infinite horrors of the Abyss.
 88472 | Depths:1 | Found a one-way gateway to a ziggurat.
 88478 | Depths:1 | Reached skill level 5 in Necromancy
 89006 | Depths:1 | Voluntarily entered the Abyss.
 89053 | Abyss:3  | Reached skill level 1 in Air Magic
 89162 | Abyss:3  | Paralysed by accursed screaming for 1 turns
 89256 | Abyss:3  | Reached skill level 5 in Air Magic
 90048 | Abyss:3  | Reached skill level 10 in Air Magic
 90082 | Abyss:3  | Got an abyssal rune of Zot
 90415 | Depths:1 | Escaped the Abyss
 90584 | Depths:1 | Learned a level 9 spell: Chain Lightning
 90628 | Depths:2 | Found a one-way gate leading to the halls of Pandemonium.
 92052 | Depths:2 | Found a blossoming altar of Fedhas.
 94028 | Depths:3 | Identified the +6 eveningstar of the Trees {vorpal, Str+2}
 94030 | Depths:3 | Identified the ring "Othi" {rC- AC+4 Str+4 Stlth+}
 94096 | Depths:3 | Noticed a juggernaut
 94097 | Depths:3 | Reached skill level 15 in Air Magic
 94527 | Depths:3 | Killed a juggernaut
 96706 | Depths:3 | Found the +6 lightning scales {swift, rElec}
 96938 | Depths:4 | Entered Level 4 of the Depths
 98228 | Depths:4 | Found a shadowy altar of Dithmenos.
 98818 | Depths:4 | Noticed a juggernaut
 98821 | Depths:4 | Killed a juggernaut
 99188 | Depths:4 | Found a gate to the Realm of Zot.
 99530 | Zot:1    | Entered Level 1 of the Realm of Zot
100571 | Zot:1    | Found Tupabreb's Changing Room.
101991 | Zot:2    | Identified the +6 morningstar "Pogalo Bech" {venom, +Blink
                  | Int+2}
106904 | Zot:3    | Identified the +4 falchion of Ewideqiv {drain, *Slow rPois
                  | rC+ Int+7}
106988 | Zot:4    | Noticed a Killer Klown
107422 | Zot:4    | Killed a Killer Klown
107716 | Zot:4    | Noticed a Killer Klown
107719 | Zot:4    | Killed a Killer Klown
108107 | Zot:4    | Noticed Vv
108121 | Zot:4    | Killed Vv
111099 | Zig:1    | Entered Level 1 of a ziggurat
111425 | Zig:2    | Entered Level 2 of a ziggurat
111778 | Zig:3    | Entered Level 3 of a ziggurat
111781 | Zig:3    | Noticed Vademn the pandemonium lord
111786 | Zig:3    | Killed Vademn the pandemonium lord
112272 | Zig:4    | Entered Level 4 of a ziggurat
112372 | Zig:5    | Entered Level 5 of a ziggurat
112376 | Zig:5    | Identified the Spellbook of the Baneful Glacier
112474 | Zig:6    | Entered Level 6 of a ziggurat
112480 | Zig:6    | Found the +5 sword of Power {vorpal}
112482 | Zig:6    | Noticed Qotagun the pandemonium lord
112493 | Zig:6    | Killed Qotagun the pandemonium lord
112631 | Zig:6    | Identified the ring of Durphat {Ice Contam Will+ Dex+8
                  | Stlth+}
112631 | Zig:6    | Identified the Spellbook of Curses and the Traveller
112632 | Zig:6    | Identified the +4 long sword of Fate {venom, *Noise Will-
                  | rCorr Stlth+}
112666 | Zig:7    | Entered Level 7 of a ziggurat
112671 | Zig:7    | Identified Sif Muna's Parchment of Dislocation and Toxicity
112672 | Zig:7    | Noticed a dread lich
112672 | Zig:7    | Identified the +6 battleaxe "Imniarin" {flame, Fragile Fly
                  | Will- rCorr}
112675 | Zig:7    | Killed a dread lich
112920 | Zig:7    | Acquired the +1 pair of boots of Classification {rN+ Dex+4}
112940 | Zig:8    | Entered Level 8 of a ziggurat
112953 | Zig:8    | Identified the Tome of Mortuary Shifting
113059 | Zig:9    | Entered Level 9 of a ziggurat
113219 | Zig:9    | Identified the ring of Ybluaph {rElec rC+ Will+}
113247 | Zig:10   | Entered Level 10 of a ziggurat
113254 | Zig:10   | Identified the +5 short sword of Fis Ithro {venom, rC+
                  | rCorr}
114061 | Zig:10   | Acquired the +1 cloak of Starlight {*Dazzle EV+4 Stlth--}
114061 | Zig:10   | Found the +1 cloak of Starlight {*Dazzle EV+4 Stlth--}
114077 | Zig:11   | Entered Level 11 of a ziggurat
114722 | Zig:11   | Identified the Codex of Sculpting
114723 | Zig:11   | Identified the +5 spear of Fotho {chaos, *Slow Fly rPois
                  | Dex+6}
114749 | Zig:12   | Entered Level 12 of a ziggurat
114765 | Zig:12   | Identified the ring of Fizinoil {MP+9 AC+4 Str+3 Int-4
                  | Dex+3}
114768 | Zig:12   | Identified the ring of Ascent {rPois rN+ rCorr MP+9 Dex-4}
114769 | Zig:12   | Identified the +4 halberd "Ireef" {pain, rElec rC+ Str+2
                  | Int-4}
115037 | Zig:13   | Entered Level 13 of a ziggurat
115547 | Zig:14   | Entered Level 14 of a ziggurat
116198 | Zig:14   | Identified the ring of Xom's Entertainment {rF+ Will+
                  | rCorr}
116198 | Zig:14   | Identified the ring "Lebetelopt" {rPois rN+}
116199 | Zig:14   | Identified Sif Muna's Handbook of the Frigid Traveller
116199 | Zig:14   | Identified the ring of Gubui {+Blink rCorr EV+4 Int-2}
116238 | Zig:15   | Entered Level 15 of a ziggurat
116266 | Zig:15   | Reached skill level 10 in Necromancy
116608 | Zig:15   | Identified the +0 robe "Lusybar" {rF+ Str+4 Slay+6}
116611 | Zig:15   | Identified the +9 arbalest of the Crypt {venom, rC- rN++
                  | Stlth+}
116648 | Zig:16   | Entered Level 16 of a ziggurat
117269 | Zig:16   | Found the +6 Majin-Bo {vamp, MP+6 Int+6}
117270 | Zig:16   | Identified the ring "Kiocoyt" {rPois rC+ Int+3}
117313 | Zig:17   | Entered Level 17 of a ziggurat
117331 | Zig:17   | Noticed a dread lich
117335 | Zig:17   | Paralysed by a dread lich for 5 turns
117344 | Zig:17   | Killed a dread lich
117996 | Zig:17   | Identified the amulet of the Blind Eye {Acrobat rElec rC-
                  | Str+5}
118002 | Zig:17   | Identified the +7 dagger "Tubyxtil" {venom, rC+}
118002 | Zig:17   | Found the +4 moon troll leather armour {Spirit, Regen++
                  | MP+5}
118004 | Zig:17   | Identified the Directory of Congelation
118073 | Zig:17   | Learned a level 2 spell: Blink
118077 | Zig:18   | Entered Level 18 of a ziggurat
118100 | Zig:18   | Reached skill level 15 in Fighting
118112 | Zig:18   | Killed from afar by a salamander tyrant

Illustrated notes

Levels and vault maps discovered:
D:1:      lightli_arrival_lavapool, layout_rooms, serial_park_tiny_2
D:2:      layout_loops_cross, shapermc_ecumenical_altar_mp_vishouse,
          nicolae_figureground_pulse
D:3:      layout_rooms, roderic_lattice_a
D:4:      layout_layer_cave, serial_shops, nicolae_shop_waterfront,
          uniq_menkaure, uniq_blork_the_orc
D:5:      layout_loops_cross, nicolae_ossuary_entry_catacombs,
          gup_sewer_entry_bowl
D:6:      layout_gridville, nicolae_tso_swordbearing_angel, temple_fountains,
          chequers_decorated_corner, palyth_stone_intersect
D:7:      layout_basic, uniq_maggie
D:8:      layout_cave_pools, grunt_temple_overflow_diamond, sigmund_army
D:9:      layout_cave_pods, nicolae_overflow_hidden_temple, enter_bailey_8,
          uniq_joseph
D:10:     layout_gridville, amcnicky_altar_gilded, erik_lair_orcish_takeover,
          erik_orc_2, serial_shops, nicolae_diamond_shop,
          nicolae_shop_advertising_works [nicolae_subvault_shop_adworks]
D:11:     layout_roguey, uniq_sonja, uniq_grum
D:12:     layout_roguey, serial_undead, serial_undead_a, serial_undead_b,
          serial_undead_c, serial_undead_b, serial_undead_e, serial_undead_a,
          eino_tiny_chamber, lemuel_flamethrower_2, uniq_snorg
D:13:     layout_basic, david_vaults_1, uniq_erolcha
D:14:     layout_roguey, nicolae_wwwww, serial_curves, eino_curves_04,
          eino_curves_03, due_unseen_surprise
D:15:     grunt_enter_depths_magical_seal, layout_loops_ring,
          nicolae_qazlal_style_of_elements, drop_trap, uniq_rupert, uniq_kirke
Temple:   compressed_dpeg_triangle_lava_temple
Lair:1:   layout_regular_city
Lair:2:   layout_chaotic_city, shoals_dummy_entry,
          nicolae_volcano_entry_vermiform, grunt_megastairs_2, uniq_harold
Lair:3:   layout_cave_pods, spider_nest_entry_a, chequers_serial_rivers_micro_d,
          minivault_27
Lair:4:   dreamdust_isle_of_ice, layout_cellular_growth,
          portal_ice_cave_entry_pillars_1, grunt_megastairs_3
Lair:5:   evil_forest, layout_regular_city, dpeg_slime_entry_enclosed,
          chequers_serial_rivers_large_a, nicolae_lair_grazing_beasts
          [nicolae_sub_lair_graze_edge, nicolae_sub_lair_graze_edge,
          nicolae_sub_lair_graze_edge, nicolae_sub_lair_graze_edge],
          lemuel_fruit_tree
Shoals:1: layout_shoals, nicolae_shop_overcharged_wands
Shoals:2: layout_shoals, gammafunk_ghost_tricky_traps,
          nicolae_shoals_spring_well_temple
Shoals:3: layout_shoals, uniq_jorgrun
Shoals:4: shoals_end_hellmonk_lost_city, uniq_aizul
Spider:1: layout_chambers, gammafunk_ghost_arena,
          hangedman_spider_tarantella_strand
Spider:2: layout_spider_delve, nicolae_spider_nooks_and_crannies, uniq_arachne
Spider:3: layout_spider_delve, ebering_ghost_inner_flame
Spider:4: spider_rune_water
Slime:1:  layout_caves
Slime:2:  layout_caves, basic_altar
Slime:3:  layout_caves
Slime:4:  cheibrodos_slime_lost_civilization_8, layout_caves,
          cheibrodos_slime_lost_civilization_5
Slime:5
Orc:1:    layout_diamond_mine, hellmonk_ghost_happy_afterlife, basic_altar
Orc:2:    st_orc_rangers, layout_caves, serial_shops, shop
Elf:1:    minmay_elf_arrival_summoners, layout_onion_city,
          lightli_enter_wizlab_magi_temple, minmay_elf_demonology,
          due_unseen_surprise, uniq_nikola
Elf:2:    elven_hall_of_blades_hangedman_original [mumra_blade_entry_bloodbath],
          layout_geoelf_grid
Elf:3:    minmay_elf_hall_statues, layout_geoelf_castle, serial_shops, shop,
          serial_nicolae_subway, nicolae_sub_station_stone,
          nicolae_sub_station_crystal, nicolae_sub_station_metal
Vaults:1: v_misc_28, hangedman_vaults_snaps, vaults_dpeg_diagonal,
          ontoclasm_vaults_ring_small, nicolae_vaults_ninety_degrees,
          dpeg_vaults_monster_box, vaults_mumra_lcd, hangedman_vaults_trim,
          vaults_room_large_hall, vaults_mumra_minichess_inversion, v_misc_25,
          v_alt_pattern_1, layout_vaults_omnibox
Vaults:2: portal_desolation_entry_holy_temple, nicolae_vaults_three_branches,
          hangedman_vaults_cutoff, minmay_crypt_entry_necro_gods,
          nicolae_vaults_alarming, hangedman_vaults_slice,
          hangedman_vaults_stream, dpeg_vaults_monster_row,
          nicolae_vaults_little_squares_1, v_misc_23, nicolae_vaults_murderbox,
          vaults_room_semicircle, nicolae_vaults_bisected_slash,
          layout_vaults_omnicross
Vaults:3: nicolae_vaults_triangles, v_rooms_1, vaults_room_fancy_cross,
          v_misc_17, ontoclasm_vaults_spin, ontoclasm_vaults_misaligned,
          ontoclasm_vaults_ring_small, layout_vaults_chaotic_city
Vaults:4: nicolae_vaults_puzzle_piece, nicolae_vaults_circle_grid_b,
          vaults_room_fancy_cross, nicolae_vaults_ring_of_whatevers,
          vaults_dpeg_encased_lava, v_misc_15, vaults_room_corners,
          nicolae_vaults_c_with_doors, hangedman_vaults_trim,
          layout_vaults_omnigrid
Vaults:5
Depths:1: layout_cave_shapes, enter_ziggurat_b, bh_walls_and_bars,
          pf_vacation_house_of_asmodeus, nicolae_abyss_entry_one_way_or_another,
          nrook_loot_triangle, nicolae_yredelemnul_corpse_copse
Depths:2: lemuel_firewalk_3, layout_gridlike, fedhas_altar_fruit_tree,
          rand_demon_pan_entry_7, pf_coc_iceberg, minmay_staircase_bubble
Depths:3: minmay_roctagon, layout_cave_pools, minmay_misc_feat_five, hell_entry,
          abyss_entry, minmay_staircase_windowed_large
Depths:4: evilmike_zot_entry_basic, layout_gridlike, hell_entry,
          hangedman_decor_slide_cut, nicolae_dithmenos_the_darkroom
Zot:1:    layout_gridlike, nicolae_transmutations_shop
Zot:2:    evilmike_crystal_ball_defense, layout_twisted_circle
Zot:3:    hangedman_zot_vaults_quadrants, layout_concentric_octagons
Zot:4:    layout_onion, uniq_vv
Zig:18

Skill      XL: |  1  2  3  4  5  6  7  8  9 10 11 12 13 14 15 16 17 18 19 20 21 22 23 24 25 26 27 |
---------------+----------------------------------------------------------------------------------+-----
Long Blades    | 4 5 6 7 8 11 12 | 12.4
Fighting       | 4 7 9 10 15 | 15.6
Dodging        | 4 7 9 12 15 19 | 19.5
Fire Magic     | 3 9 11 15 18 20 21 | 21.3
Conjurations   | 2 5 7 8 12 16 19 21 23 24 | 24.1
Spellcasting   | 1 6 8 9 10 11 15 16 | 16.3
Armour         | 7 8 10 12 | 12.9
Shields        | 3 |  3.6
Earth Magic    | 8 9 10 | 10.4
Necromancy     | 13 | 13.8
Air Magic      | 21 | 21.7
Stealth        | |  2.0

Action                   |  1- 3 |  4- 6 |  7- 9 | 10-12 | 13-15 | 16-18 | 19-21 | 22-24 | 25-27 || total
-------------------------+-------+-------+-------+-------+-------+-------+-------+-------+-------++-------
Melee: Falchion          |    90 |    36 |       |       |       |       |       |       |       ||   126
       Demon blade       |       |    13 |   239 |   394 |   874 |   971 |   703 |   694 |   870 ||  4758
       Punch             |       |       |     2 |     2 |     7 |       |       |       |       ||    11
Throw: Boomerang         |       |     8 |     7 |       |       |       |       |       |       ||    15
       Dart              |       |       |       |     6 |       |     5 |       |       |       ||    11
       Throwing net      |       |       |       |       |       |     4 |       |     1 |       ||     5
 Cast: Fireball          |       |       |       |       |   119 |    38 |   137 |    15 |     8 ||   317
       Ignition          |       |       |       |       |       |    93 |   167 |   137 |    63 ||   460
       Fire Storm        |       |       |       |       |       |       |    27 |   105 |   293 ||   425
       Chain Lightning   |       |       |       |       |       |       |       |       |   202 ||   202
       Sublimation of Bl |       |       |       |       |       |       |       |       |   101 ||   101
Invok: Curse Item        |       |     1 |     4 |     2 |     1 |     3 |     3 |     2 |     1 ||    17
       Shatter the Chain |       |       |     1 |       |       |     1 |     1 |     2 |     3 ||     8
Evoke: Wand              |       |       |       |    35 |     2 |     1 |     4 |     1 |       ||    43
       Lightning rod     |       |       |       |     3 |     5 |       |       |       |       ||     8
       Phantom mirror    |       |       |       |     1 |     1 |     2 |       |     1 |       ||     5
  Use: Scroll            |       |     7 |     3 |     6 |     4 |     7 |     3 |     7 |     8 ||    45
       Potion            |       |     2 |     3 |     5 |     1 |     3 |     8 |    11 |    22 ||    55
 Stab: Sleeping          |     8 |     1 |    11 |     4 |     8 |     4 |     7 |     5 |     3 ||    51
       Distracted        |     1 |       |     2 |     1 |     1 |     3 |     1 |     1 |     9 ||    19
       Invisible         |       |       |       |    14 |       |       |       |       |     2 ||    16
       Held in net/web   |       |       |       |       |       |     2 |       |       |       ||     2
       Paralysed         |       |       |       |       |       |       |       |       |     3 ||     3
Armor: Robe              |    10 |     2 |    25 |       |       |       |       |       |       ||    37
       Steam dragon scal |       |       |     4 |    31 |    85 |       |       |       |       ||   120
       Scale mail        |       |       |       |    33 |    96 |       |       |       |       ||   129
       Ring mail         |       |       |       |       |    97 |   421 |   252 |   242 |   336 ||  1348
       Troll leather arm |       |       |       |       |       |       |       |       |     3 ||     3
Dodge: Dodged            |    62 |    28 |   116 |   232 |   657 |   578 |   409 |   335 |   714 ||  3131
Block: Buckler           |       |       |       |       |    54 |   309 |   235 |   247 |   554 ||  1399
       Reflection        |       |       |       |       |       |       |       |    26 |   152 ||   178

Table legend: (Time is in decaauts)
 A = Elapsed time spent in this place.
 B = Non-inter-level travel time spent in this place.
 C = Inter-level travel time spent in this place.
 D = Time resting spent in this place.
 E = Time spent auto-exploring this place.
 F = Levels seen in this place.
 G = Mean time per level.
                   A        B        C        D        E       F      G
               +--------+--------+--------+--------+--------+-----+--------+
         Total | 116475 | 111955 |   4520 |  53252 |  43054 |  77 | 1512.7 |
       Dungeon |  18786 |  17350 |   1436 |   3924 |  10495 |  15 | 1252.4 |
        Temple |     58 |     47 |     11 |      0 |     41 |   1 |   58.0 |
          Lair |   8591 |   7757 |    834 |   2860 |   3861 |   5 | 1718.2 |
        Shoals |   7733 |   7630 |    103 |   2729 |   3768 |   4 | 1933.2 |
   Spider Nest |   8404 |   8090 |    314 |   3365 |   3595 |   4 | 2101.0 |
    Slime Pits |  12261 |  11839 |    422 |   9598 |   1523 |   5 | 2452.2 |
  Orcish Mines |   2171 |   1933 |    238 |    614 |    840 |   2 | 1085.5 |
   Elven Halls |   8303 |   8156 |    147 |   4879 |   2127 |   3 | 2767.7 |
        Vaults |  13383 |  13009 |    374 |   4855 |   6251 |   5 | 2676.6 |
        Depths |  10478 |  10226 |    252 |   6708 |   2738 |   4 | 2619.5 |
           Zot |  11182 |  10795 |    387 |   6126 |   3520 |   4 | 2795.5 |
         Abyss |   1473 |   1473 |      0 |    570 |     15 |   2 |  736.5 |
      Ziggurat |   7009 |   7009 |      0 |   4690 |   1595 |  18 |  389.4 |
       Ossuary |    370 |    370 |      0 |      0 |    280 |   1 |  370.0 |
        Bailey |    307 |    307 |      0 |      8 |    121 |   1 |  307.0 |
      Ice Cave |   1258 |   1258 |      0 |    948 |    123 |   1 | 1258.0 |
        Wizlab |   1945 |   1945 |      0 |    787 |    597 |   1 | 1945.0 |
    Desolation |   2755 |   2755 |      0 |    587 |   1563 |   1 | 2755.0 |
               +--------+--------+--------+--------+--------+-----+--------+

Top non-repeatable levels by time:
 Slime:4: 6114 daAuts
   Zot:3: 5407 daAuts
Depths:2: 4687 daAuts
Vaults:4: 3571 daAuts
   Elf:2: 3385 daAuts
   Elf:3: 3249 daAuts
Vaults:5: 3240 daAuts
Spider:3: 3185 daAuts
Desolation: 2755 daAuts
Shoals:4: 2751 daAuts
   Zot:1: 2714 daAuts
  Lair:5: 2666 daAuts
Vaults:2: 2434 daAuts
Depths:3: 2398 daAuts
Shoals:3: 2398 daAuts
